 Dungeon Crawl Stone Soup version 0.31-a0-142-g31f6795574 (webtiles) character file.

Game seed: 6320681664238035727

7176 jlumianski the Cleaver (level 10, -6/77 HPs)
             Began as a Demonspawn Fighter on June 2, 2023.
             Was a Believer of Qazlal.
             Mangled by a gargoyle
             ... wielding a +0 morningstar of protection
              (19 damage)
             ... on level 10 of the Dungeon on June 3, 2023.
             The game lasted 00:37:12 (7667 turns).

jlumianski the Cleaver (Demonspawn Fighter)         Turns: 7667, Time: 00:37:14

Health: -6/77      AC: 21    Str: 21    XL:     10   Next: 86%
Magic:  13/13      EV: 14    Int: 14    God:    Qazlal [**....]
Gold:   137        SH:  7    Dex: 13    Spells: 9/9 levels left

rFire   + . .        n - +6 hand axe "Huryup" {protect, *Noise rF+ Will+ Int+5}
rCold   . . .        c - +0 buckler
rNeg    . . .        o - +0 chain mail
rPois   +            (helmet restricted)
rElec   .            (no cloak)
rCorr   .            (no gloves)
SInv    .            T - +0 pair of boots
Will    +....        p - amulet of the acrobat Stlth
                     w - ring of poison resistance
HPRegen 0.32/turn    D - +5 ring of evasion
MPRegen 0.26/turn

%: acrobat
@: under a protective aura, on berserk cooldown, slowed, very slow
A: horns 2, thin metallic scales 1, ignite blood 1, magic regeneration
a: Renounce Religion, Upheaval


You were on level 10 of the Dungeon.
You worshipped Qazlal.
Qazlal was pleased with you.
You visited 2 branches of the dungeon, and saw 11 of its levels.
You also visited: Sewer.

You collected 479 gold pieces.
You spent 342 gold pieces at shops.

Inventory:

Hand Weapons
 a - a +0 war axe
 n - the +6 hand axe "Huryup" (weapon) {protect, *Noise rF+ Will+ Int+5}
   (You found it on level 2 of the Dungeon)

   Int:       It affects your intelligence (+5).
   rF:        It protects you from fire.
   *Noise:    It may make noises in combat.
   Will:      It increases your willpower.
 G - a +2 hand axe of flaming
 Q - a +4 spear of freezing
 U - a +4 morningstar
Missiles
 e - 85 stones
 j - 2 curare-tipped darts
 B - 18 poisoned darts (quivered)
 F - 6 atropa-tipped darts
 N - 3 boomerangs
 S - a throwing net
Armour
 c - a +0 buckler (worn)
 o - a +0 chain mail (worn)
 u - a +0 cloak
 P - a +3 ring mail of fire resistance
 T - a +0 pair of boots (worn)
Jewellery
 p - an amulet of the acrobat (around neck)
 w - a ring of poison resistance (left hand)
 x - a +6 ring of dexterity
 D - a +5 ring of evasion (right hand)
 V - a ring of willpower
Wands
 H - a wand of flame (22)
 J - a wand of iceblast (22)
 Z - a wand of charming (1)
Scrolls
 q - 2 scrolls of silence
 s - a scroll of brand weapon
 t - 2 scrolls of immolation {unknown}
 y - 3 scrolls of blinking
 A - 2 scrolls of enchant weapon {unknown}
 C - 2 scrolls of enchant armour {unknown}
 K - a scroll of fear
 L - 3 scrolls of teleportation
 M - 2 scrolls of poison {unknown}
 W - a scroll of vulnerability {unknown}
 X - a scroll of fog {unknown}
 Y - a scroll of butterflies {unknown}
Potions
 f - 4 potions of mutation
 g - a potion of resistance
 i - 3 potions of brilliance
 k - 2 potions of curing
 l - 4 potions of ambrosia
 m - a potion of heal wounds
 v - 3 potions of haste
 z - 2 potions of enlightenment
 I - a potion of invisibility {unknown}
 R - a potion of attraction {unknown}


   Skills:
 + Level 6.3 Fighting
 + Level 9.9 Axes
 + Level 2.0 Throwing
 + Level 7.5 Armour
 + Level 2.7 Dodging
 - Level 1.9 Stealth
 + Level 5.1 Shields
 * Level 5.2 Invocations
 * Level 4.0 Evocations


You had 9 spell levels left.
You didn't know any spells.
Your spell library contained the following spells:

 Spells                   Type           Power      Damage    Failure   Level
 Apportation              Tloc           0%         N/A       90%         1
 Beastly Appendage        Tmut           0%         N/A       90%         1
 Lesser Beckoning         Tloc           0%         N/A       97%         2
 Wereblood                Tmut           0%         N/A       97%         2
 Gell's Gravitas          Tloc           0%         N/A       99%         3
 Inner Flame              Hex/Fire       0%         N/A       99%         3
 Spider Form              Tmut/Pois      0%         N/A       99%         3
 Teleport Other           Tloc           0%         N/A       99%         3
 Flame Wave               Conj/Fire      0%         2d4       100%        4
 Sticky Flame             Conj/Fire      0%         2d3       100%        4
 Alistair's Intoxication  Tmut/Pois      0%         N/A       100%        5


Dungeon Overview and Level Annotations

Branches:
Dungeon (10/15)            Temple (1/1) D:5           Sewer (visited)
   Lair: D:8-11         Orc: D:9-12

Altars:
Ashenzari
Cheibriados
Dithmenos
Fedhas
Gozag
Hepliaklqana
Kikubaaqudgha
Makhleb
Nemelex Xobeh
Okawaru
Qazlal
Ru
Sif Muna
Trog
Uskayaw
Vehumet
Wu Jian
Xom
Yredelemnul

Shops:
D:5 (   D:6 *

Annotations:
D:4 2 transporters, benadryl's ghost, amateur DgHu


Innate Abilities, Weirdness & Mutations

You have a pair of horns on your head.
You are partially covered in thin metallic scales. (AC +2)
Your demonic aura sometimes causes spilled blood to erupt in flames.
You regenerate magic rapidly.


Message History

The orc is engulfed in a thunderstorm.
You kill the orc!
Qazlal accepts your kill.
You hit the gargoyle but do no damage.
The gargoyle hurls a stone arrow at you.
The stone arrow hits you.
You hit the gargoyle but do no damage.
You headbutt the gargoyle, but do no damage.
The gargoyle hurls a stone arrow at you.
The stone arrow misses you.
The gargoyle hurls a stone arrow at you.
You block the stone arrow.
You hit the gargoyle but do no damage.
You headbutt the gargoyle, but do no damage.
You block the gargoyle's attack.
You hit the gargoyle but do no damage.
The gargoyle hits you with a +0 morningstar of protection!
* * * LOW HITPOINT WARNING * * *
You barely miss the gargoyle. Your headbutt misses the gargoyle.
An orc comes into view.
It is wielding a +0 club and quivering silver boomerangs.
The gargoyle closely misses you.
You hit the gargoyle but do no damage.
You hear the quick creaking of a portcullis nearby.
You block the gargoyle's attack. x2
You completely miss the gargoyle.
Your hand axe "Huryup" shouts, "Left!
No, no, right!".
You headbutt the gargoyle, but do no damage.
The orc throws a silver boomerang.
You block the silver boomerang. The gargoyle misses you.
You slash the gargoyle!
The gargoyle is moderately damaged.
The gargoyle hits you with a +0 morningstar of protection.
* * * LOW HITPOINT WARNING * * *
You hit the gargoyle but do no damage.
The gargoyle is moderately damaged.
The orc throws a silver boomerang.
You block the silver boomerang.
The gargoyle hits you with a +0 morningstar of protection!
* * * LOW HITPOINT WARNING * * *
The gargoyle hits you with a +0 morningstar of protection!!
You die...

........##
.........#
.........#####
.............#
.............#
.>.....)))...#
........)....#
.......o.....#
#........)@).#
#..##.....9§.#
##..#..÷..†..#
#.....)...)#
###...####.###
##.....# #...#
##......# #........
#........###........
#.#........#........


You could see a gargoyle and an orc.

Vanquished Creatures
  Josephine (D:10)
  A komodo dragon (D:10)
  Sigmund (D:5)
  4 wraiths
  6 yaks (D:8)
  3 wyverns
  2 humans (D:8)
  A steam dragon (D:8)
  An acid dragon (D:10)
  2 water moccasins (D:5)
  Pargi (Sewer)
  A sky beast (D:6)
  An ice beast (D:8)
  2 ogres (D:3)
  5 centaurs
  A phantom (D:5)
  A kobold brigand (D:8)
  3 gnoll sergeants
  2 bullfrogs
  6 scorpions
  3 wights (D:8)
  20 killer bees
  3 hounds
  A jelly (D:7)
  3 orc priests
  Crazy Yiuf (D:3)
  Ijyb (D:5)
  4 iguanas
  3 orc wizards
  11 gnolls
  12 adders
  2 shadow imps
  4 white imps
  3 ufetubi
  5 worms
  5 dart slugs
  22 orcs
  7 ball pythons
  13 bats
  4 endoplasms
  5 giant cockroaches
  4 goblins
  11 hobgoblins
  A quokka (D:4)
  5 frilled lizards
  6 kobolds
  13 rats
217 creatures vanquished.

Notes
Turn   | Place    | Note
-------+----------+-------------------------------------------
     0 | D:1      | jlumianski the Demonspawn Fighter began the quest for the
                  | Orb.
     0 | D:1      | Reached XP level 1. HP: 18/18 MP: 1/1
   119 | D:2      | Upgraded the game from 0.31-a0-133-gaae73658be to
                  | 0.31-a0-142-g31f6795574
   124 | D:2      | Found a faded altar of an unknown god.
   220 | D:1      | Gained mutation: You have a pair of small horns on your
                  | head. [demonic ancestry]
   220 | D:1      | Reached XP level 2. HP: 20/24 MP: 2/2
   384 | D:1      | Reached skill level 2 in Axes
   664 | D:1      | Reached XP level 3. HP: 29/29 MP: 3/3
   957 | D:4      | Noticed an ogre
  1139 | D:2      | Reached skill level 3 in Axes
  1139 | D:2      | Reached XP level 4. HP: 26/35 MP: 4/4
  1172 | D:3      | Found a broken altar of Ashenzari.
  1236 | D:2      | Identified the +6 hand axe "Huryup" {protect, *Noise rF+
                  | Will+ Int+5}
  1580 | D:3      | Reached XP level 5. HP: 41/41 MP: 5/5
  1722 | D:4      | Noticed an ogre
  1843 | D:3      | Found a runed translucent door.
  1844 | D:3      | Noticed Crazy Yiuf
  1963 | D:3      | Killed Crazy Yiuf
  2014 | D:3      | Killed an ogre
  2015 | D:3      | Reached skill level 4 in Axes
  2090 | D:4      | Gained mutation: You regenerate magic rapidly. [demonic
                  | ancestry]
  2090 | D:4      | Reached XP level 6. HP: 44/47 MP: 6/6
  2115 | D:4      | Found a transporter.
  2127 | D:4      | Noticed benadryl's ghost (amateur DgHu)
  2203 | D:4      | Found a transporter.
  2214 | D:4      | Found a blossoming altar of Fedhas.
  2305 | D:5      | Entered Level 5 of the Dungeon
  2377 | D:5      | Found a hide-covered altar of Uskayaw.
  2449 | D:5      | Found a glowing drain.
  2476 | Sewer    | Entered a sewer
  2547 | Sewer    | Noticed Pargi
  2554 | Sewer    | Killed Pargi
  2555 | Sewer    | Reached skill level 5 in Axes
  2555 | Sewer    | Reached skill level 1 in Dodging
  2555 | Sewer    | Gained mutation: You have a pair of horns on your head.
                  | [demonic ancestry]
  2555 | Sewer    | Reached XP level 7. HP: 43/53 MP: 7/7
  2648 | Sewer    | Identified the +0 robe of Ahoqyr {rC+ Will+}
  2921 | D:5      | Found Sogaceadd's Antique Weapon Emporium.
  3101 | D:5      | Reached skill level 1 in Stealth
  3426 | D:4      | You fall into a shaft and drop 3 floors!
  3469 | D:7      | Reached skill level 6 in Axes
  3469 | D:7      | Reached skill level 5 in Armour
  3528 | D:6      | Gained mutation: You are partially covered in thin metallic
                  | scales. (AC +2) [demonic ancestry]
  3528 | D:6      | Reached XP level 8. HP: 60/60 MP: 8/8
  3662 | D:5      | Found a radiant altar of Vehumet.
  3727 | D:5      | Found a staircase to the Ecumenical Temple.
  3736 | Temple   | Entered the Ecumenical Temple
  4007 | D:5      | Reached skill level 1 in Throwing
  4018 | D:5      | Reached skill level 7 in Axes
  4092 | D:5      | Noticed Sigmund
  4104 | D:5      | Killed Sigmund
  4145 | D:5      | Found an ancient bone altar of Kikubaaqudgha.
  4244 | D:5      | Noticed Ijyb
  4263 | D:5      | Killed Ijyb
  4942 | D:6      | Found Lirrinum's General Store.
  4947 | D:6      | Bought a potion of heal wounds for 60 gold pieces
  4947 | D:6      | Bought 2 potions of mutation for 192 gold pieces
  4947 | D:6      | Bought a scroll of blinking for 90 gold pieces
  5157 | D:7      | Gained mutation: Your demonic aura sometimes causes spilled
                  | blood to erupt in flames. [demonic ancestry]
  5157 | D:7      | Reached XP level 9. HP: 67/67 MP: 9/9
  5197 | D:8      | Reached skill level 5 in Fighting
  5215 | D:8      | Reached skill level 8 in Axes
  5682 | D:7      | Found a stormy altar of Qazlal.
  5688 | D:7      | Became a worshipper of Qazlal Stormbringer
  5745 | D:8      | Found an iron altar of Okawaru.
  5987 | D:8      | Reached skill level 1 in Invocations
  6025 | D:8      | Reached skill level 1 in Evocations
  6517 | D:8      | Reached XP level 10. HP: 47/76 MP: 12/12
  6535 | D:8      | Reached * piety under Qazlal
  6536 | D:8      | Reached skill level 9 in Axes
  6736 | D:8      | Found an opulent altar of Gozag.
  7282 | D:10     | Entered Level 10 of the Dungeon
  7419 | D:10     | Noticed Josephine
  7433 | D:10     | Killed Josephine
  7434 | D:10     | Reached skill level 5 in Shields
  7586 | D:10     | Reached skill level 5 in Invocations
  7637 | D:10     | Reached ** piety under Qazlal
  7655 | D:10     | Noticed a gargoyle
  7667 | D:10     | Mangled by a gargoyle

Illustrated notes

Levels and vault maps discovered:
D:1:      dpeg_arrival_simpleton_b, layout_basic, chequers_serial_rivers_micro_e
D:2:      minmay_chambers_of_twos, layout_rooms, basic_ecumenical_altar
D:3:      layout_rooms, cheibrodos_ashenzari_chains, uniq_crazy_yiuf_cottage
D:4:      layout_cave_pools, mainiacjoe_overflow_concentric_impassable,
          gammafunk_ghost_mausoleum
D:5:      layout_basic, kennysheep_little_box, vehumet_altar_wand_db,
          kennysheep_mini_moat, minmay_temple_entry_grid, serial_shops,
          nicolae_shop_just_a_little_nook, cheibrodos_sewer_entry_bend,
          minmay_joined_circles, uniq_sigmund, uniq_ijyb
D:6:      layout_loops_cross, serial_shops, nicolae_shop_hallway_plus
D:7:      layout_rooms, grunt_qazlal_clouds, minmay_misc_feat_encased
D:8:      layout_rooms, grunt_temple_overflow_gold_and_silver, okawaru_humans,
          serial_corexii_hall, chequers_hall_statues_y, corexii_hall_statues_u,
          chequers_hall_statues_y, corexii_hall_statues_u
D:9:      layout_rooms, dpeg_oklobed_lair
D:10:     layout_rooms, hiddenorc2_lemuel, enter_bailey_6, uniq_josephine
Temple:   hellmonk_temple_forest_ring

Skill      XL: |  1  2  3  4  5  6  7  8  9 10 |
---------------+-------------------------------+-----
Shields        | 3 4 5 |  5.1
Axes           | 2 3 4 5 6 7 8 9 |  9.9
Armour         | 3 4 5 6 7 |  7.5
Dodging        | 1 2 |  2.7
Stealth        | 1 |  1.9
Fighting       | 4 5 6 |  6.3
Throwing       | 1 2 |  2.0
Invocations    | 2 5 |  5.2
Evocations     | 2 4 |  4.0

Action                     |  1- 3 |  4- 6 |  7- 9 | 10-12 || total
---------------------------+-------+-------+-------+-------++-------
  Melee: War axe           |   109 |     7 |       |       ||   116
         Headbutt          |     4 |    16 |    49 |    29 ||    98
         Hand axe          |       |    97 |   350 |   139 ||   586
  Throw: Dart              |       |     2 |    16 |       ||    18
  Evoke: Wand              |       |       |       |     2 ||     2
    Use: Scroll            |       |     7 |     4 |       ||    11
         Potion            |       |     2 |     3 |     2 ||     7
 Armour: Scale mail        |    77 |     3 |       |       ||    80
         Chain mail        |       |    38 |   157 |    61 ||   256
  Dodge: Dodged            |    44 |    54 |   263 |   123 ||   484
  Block: Buckler           |    28 |    23 |    97 |    57 ||   205

Table legend: (Time is in decaauts)
 A = Elapsed time spent in this place.
 B = Non-inter-level travel time spent in this place.
 C = Inter-level travel time spent in this place.
 D = Time resting spent in this place.
 E = Time spent auto-exploring this place.
 F = Levels seen in this place.
 G = Mean time per level.
                   A        B        C        D        E       F      G
               +--------+--------+--------+--------+--------+-----+--------+
         Total |   7789 |   7671 |    118 |    562 |   3788 |  12 |  649.1 |
       Dungeon |   7447 |   7329 |    118 |    539 |   3547 |  10 |  744.7 |
        Temple |    145 |    145 |      0 |      0 |    118 |   1 |  145.0 |
         Sewer |    196 |    196 |      0 |     23 |    123 |   1 |  196.0 |
               +--------+--------+--------+--------+--------+-----+--------+

Top non-repeatable levels by time:
     D:8: 1237 daAuts
     D:5: 1173 daAuts
     D:6: 935 daAuts
     D:3: 883 daAuts
     D:1: 688 daAuts
     D:7: 682 daAuts
     D:4: 642 daAuts
     D:2: 636 daAuts
    D:10: 407 daAuts
   Sewer: 196 daAuts
     D:9: 160 daAuts
  Temple: 145 daAuts
